 Dungeon Crawl Stone Soup version 0.24-a0-584-g9d6b971ae4 (webtiles) character file.

Game seed: 5909171109729611334, levelgen mode: deterministic

39 MordorOrchid the Caller (level 3, 0/29 HPs)
             Began as a Minotaur Summoner on Sept 4, 2019.
             Succumbed to an adder's poison
             ... on level 3 of the Dungeon.
             The game lasted 00:05:38 (1357 turns).

MordorOrchid the Caller (Minotaur Summoner)         Turns: 1357, Time: 00:05:38

Health: 0/29       AC:  2    Str: 17    XL:     3   Next: 26%
Magic:  2/4        EV: 12    Int: 13    God:
Gold:   59         SH:  0    Dex: 10    Spells: 2/5 levels left

rFire    . . .     SeeInvis .     - Unarmed
rCold    . . .     Gourm    .   (no shield)
rNeg     . . .     Faith    .   a - +0 robe
rPois    .         Spirit   .   (helmet restricted)
rElec    .         Reflect  .   (no cloak)
rCorr    .         Harm     .   (no gloves)
MR       .....                  (no boots)
Stlth    ++........             (no amulet)
HPRegen  0.09/turn              (no ring)
MPRegen  0.09/turn              (no ring)

@: mighty, lethally poisoned (0 -> -19)
A: retaliatory headbutt, horns 2
a: no special abilities


You were on level 3 of the Dungeon.
You were not hungry.

You visited 1 branch of the dungeon, and saw 4 of its levels.

You collected 59 gold pieces.

Inventory:

Hand Weapons
 y - a +1 dagger of holy wrath
Missiles
 f - 14 sling bullets
 g - 8 poisoned darts (quivered)
 h - 30 bolts
 p - 14 arrows
 t - 6 boomerangs
Armour
 a - a +0 robe (worn)
 e - a cursed +0 ring mail
 r - a +0 chain mail
Jewellery
 k - an uncursed ring of protection from cold {unknown}
Scrolls
 b - 3 scrolls of remove curse
 d - 2 scrolls of identify {unknown}
 i - 2 scrolls of blinking
 m - a scroll of teleportation
 q - a scroll of noise {unknown}
 s - a scroll of magic mapping {unknown}
Potions
 j - a potion of haste {unknown}
 n - a potion of degeneration {unknown}
 o - a potion of might
Comestibles
 c - 3 rations
 l - a chunk of flesh


   Skills:
 * Level 1.7 Fighting
 * Level 1.7 Armour
 - Level 2.1 Dodging
 - Level 1.5 Stealth
 * Level 1.5 Unarmed Combat
 * Level 1.5 Spellcasting
 - Level 3.0 Summonings


You had 2 spell levels left.
You knew the following spells:

 Your Spells              Type           Power        Failure   Level  Hunger
a - Summon Small Mammal   Summ           #...         8%          1    ##.....
b - Call Imp              Summ           #.......     12%         2    ###....

Your spell library contained the following spells:

 Spells                   Type           Power        Failure   Level  Hunger
 Call Canine Familiar     Summ           #.......     24%         3    ####...
 Summon Guardian Golem    Hex/Summ       #.......     41%         3    ####...
 Summon Ice Beast         Ice/Summ       #.......     82%         4    #####..
 Summon Lightning Spire   Summ/Air       #.......     82%         4    #####..


Dungeon Overview and Level Annotations

Branches:
Dungeon (4/15)
 Temple: D:4-7

Altars:
Xom

Annotations:
D:3 Jessica


Innate Abilities, Weirdness & Mutations

You reflexively headbutt those who attack you in melee.
You have a pair of horns on your head.


Message History

The adder poisons you! Jessica barely misses you. The adder barely misses you.
Unknown command.
You closely miss the adder.
The adder is heavily wounded.
* * * LOW HITPOINT WARNING * * *
You feel sick. Jessica closely misses you. The adder barely misses you.
Unknown command.
You barely miss Jessica.
* * * LOW HITPOINT WARNING * * *
You feel sick. Jessica misses you.
Your crimson imp blinks!
The adder bites you.
* * * LOW HITPOINT WARNING * * *
You are more poisoned.
The adder poisons you!
Jessica mumbles some strange words.
Jessica blinks!
You barely miss the adder. Your headbutt misses the adder.
The adder is heavily wounded.
You die...

..#.....###..##
........#....
#......#..#
#.#......#
#......# #>....#
#l.<...##.###
#####..##S##
#..#.@.#
#......ยง.......
#.##.#.....#...
#[ #.#.....# # #
#..#.#.@#
........
#.#.#..##
##>....$


You could see an adder and Jessica.

Vanquished Creatures
  An adder (D:2)
  An ooze (D:1)
  A worm (D:2)
  2 dart slugs
  2 bats
  A giant cockroach (D:1)
  A hobgoblin (D:1)
  2 jackals (D:1)
  2 frilled lizards
  A goblin (D:1)
  4 kobolds
  4 rats
22 creatures vanquished.

Vanquished Creatures (collateral kills)
  A giant cockroach (D:1)
1 creature vanquished.

Grand Total: 23 creatures vanquished

Notes
Turn   | Place    | Note
-------+----------+-------------------------------------------
     0 | D:1      | MordorOrchid the Minotaur Summoner began the quest for the
                  | Orb.
     0 | D:1      | Reached XP level 1. HP: 14/14 MP: 1/1
   448 | D:1      | Reached skill level 1 in Fighting
   448 | D:1      | Reached skill level 1 in Armour
   448 | D:1      | Reached XP level 2. HP: 23/23 MP: 3/3
   478 | D:1      | Learned a level 2 spell: Call Imp
   482 | D:1      | Reached skill level 1 in Unarmed Combat
   482 | D:1      | Reached skill level 3 in Summonings
  1173 | D:2      | Reached XP level 3. HP: 29/29 MP: 0/4
  1213 | D:2      | Found a shimmering altar of Xom.
  1275 | D:2      | Noticed an ogre
  1327 | D:2      | You fall into a shaft and drop 2 floors!
  1337 | D:3      | Noticed Jessica
  1356 | D:3      | HP: 1/29 [adder (3)]
  1357 | D:3      | Succumbed to an adder's poison

Levels and vault maps discovered:
D:1:      minmay_arrival_nine_rooms, layout_loops_ring
D:2:      layout_loops_cross, overflow_temple_1_default, uniq_natasha,
          uniq_terence
D:3:      layout_loops_ring, tso_metal_star, uniq_jessica
D:4:      layout_basic, serial_shops, kennysheep_mini, first_ration,
          uniq_crazy_yiuf_cottage

Skill      XL: |  1  2 |
---------------+-------+-----
Fighting       | 1 |  1.7
Armour         | 1 |  1.7
Unarmed Combat | 1 |  1.5
Summonings     | 3 |  3.0
Dodging        | |  2.1
Stealth        | |  1.5
Spellcasting   | |  1.5

Action                   || total
-------------------------++-------
Melee: Unarmed           ||    65
       Headbutt          ||     7
Throw: Dart              ||    18
 Cast: Summon Small Mamm ||     9
       Call Imp          ||     4
  Use: Scroll            ||     3
       Potion            ||     1
 Stab: Sleeping          ||     1
  Eat: Chunk             ||     2
Armor: Robe              ||    13
Dodge: Dodged            ||    52

Table legend:
 A = Non-vault XP
 B = Vault XP
 C = Vault XP percentage of total XP
 D = Non-vault monster count
 E = Vault monster count
 F = Vault count percentage of total count
                 A         B        C        D         E       F
            +---------+---------+-------+---------+---------+-------
      Total |      56 |       0 |   0.0 |      23 |       0 |   0.0
            +---------+---------+-------+---------+---------+-------
        D:1 |      29 |       0 |   0.0 |      15 |       0 |   0.0
        D:2 |      26 |       0 |   0.0 |       7 |       0 |   0.0
        D:3 |       1 |       0 |   0.0 |       1 |       0 |   0.0
            +---------+---------+-------+---------+---------+-------
